 Dungeon Crawl Stone Soup version 0.21.1-1-g345015fe64 (webtiles) character file.

7528 RepoMan the Arsonist (level 10, -17/69 HPs)
             Began as a Demigod Fire Elementalist on July 9, 2018.
             Hit by a large rock thrown by a cyclops (48 damage)
             ... on level 9 of the Dungeon.
             The game lasted 01:04:11 (10696 turns).

RepoMan the Arsonist (Demigod Fire Elementalist)   Turns: 10696, Time: 01:04:12

Health: -17/69     AC: 10    Str: 11    XL:     10   Next: 64%
Magic:  11/23      EV: 21    Int: 25    God:
Gold:   136        SH:  0    Dex: 16    Spells: 3/21 levels left

rFire    + . .     SeeInvis .   y - staff of energy
rCold    . . .     Gourm    +   (no shield)
rNeg     . . .     Faith    .   f - +2 robe {rF+}
rPois    .         Spirit   .   G - +1 hat
rElec    .         Reflect  .   t - +0 cloak
rCorr    .         Harm     .   h - +0 pair of gloves
MR       +....                  w - +2 pair of boots
Stlth    ++........             r - amulet of the gourmand
HPRegen  0.21/turn              j - ring of wizardry
MPRegen  0.18/turn              x - +5 ring of evasion

@: no status effects
A: high mp 1
a: no special abilities


You were on level 9 of the Dungeon.
You were completely stuffed.

You visited 2 branches of the dungeon, and saw 10 of its levels.

You collected 304 gold pieces.
You spent 168 gold pieces at shops.

Inventory:

Hand Weapons
 m - a +0 long sword
Armour
 f - a +2 robe of fire resistance (worn)
 h - a +0 pair of gloves (worn)
 t - a +0 cloak (worn)
 w - a +2 pair of boots (worn)
 G - a +1 hat (worn)
Magical Staves
 y - an uncursed staff of energy (weapon)
Jewellery
 j - a ring of wizardry (left hand)
 r - an amulet of the gourmand (around neck)
 u - an uncursed ring of ice
 x - a +5 ring of evasion (right hand)
 D - an uncursed ring of resist corrosion
Wands
 C - a wand of disintegration (2)
Scrolls
 d - 4 scrolls of immolation
 e - 4 scrolls of remove curse
 g - 2 scrolls of teleportation
 i - 4 scrolls of magic mapping {unknown}
 k - 2 scrolls of noise {unknown}
 l - 3 scrolls of fog {unknown}
 p - 2 scrolls of fear {unknown}
 q - 7 scrolls of identify {unknown}
 v - a scroll of blinking {unknown}
 B - a scroll of torment {unknown}
 F - 2 scrolls of amnesia {unknown}
Potions
 a - 4 potions of curing
 n - a potion of invisibility {unknown}
 o - a potion of brilliance {unknown}
 s - 2 potions of degeneration {unknown}
 z - 4 potions of heal wounds
 A - a potion of agility
 E - a potion of haste {unknown}
 I - a potion of mutation {unknown}
Books
 b - a book of Flames

   Spells                             Type                      Level
   a - Flame Tongue                   Conjuration/Fire             1
   b - Throw Flame                    Conjuration/Fire             2
   c - Conjure Flame                  Conjuration/Fire             3
   d - Inner Flame                    Hexes/Fire                   3
   e - Sticky Flame                   Conjuration/Fire             4
   f - Fireball                       Conjuration/Fire             5
 J - a book of Air

   Spells                             Type                      Level
   a - Shock                          Conjuration/Air              1
   b - Swiftness                      Charms/Air                   2
   c - Static Discharge               Conjuration/Air              3
   d - Airstrike                      Air                          4
   e - Lightning Bolt                 Conjuration/Air              5
 K - a book of Frost

   Spells                             Type                      Level
   a - Freeze                         Ice                          1
   b - Throw Frost                    Conjuration/Ice              2
   c - Ozocubu's Armour               Charms/Ice                   3
   d - Throw Icicle                   Conjuration/Ice              4
   e - Summon Ice Beast               Ice/Summoning                4
Miscellaneous
 L - a phial of floods (inert)
Comestibles
 c - 19 rations
 H - 5 chunks of flesh


   Skills:
 + Level 6.1 Dodging
 - Level 1.7 Stealth
 + Level 6.3 Spellcasting
 + Level 6.5 Conjurations
 * Level 9.9 Fire Magic
 + Level 5.2 Evocations


You had 3 spell levels left.
You knew the following spells:

 Your Spells              Type           Power        Failure   Level  Hunger
a - Flame Tongue          Conj/Fire      #####        1%          1    None
c - Conjure Flame         Conj/Fire      #####...     1%          3    None
e - Fireball              Conj/Fire      #####.....   2%          5    None
i - Inner Flame           Hex/Fire       ####....     1%          3    None
s - Sticky Flame          Conj/Fire      #####...     1%          4    None
t - Throw Flame           Conj/Fire      #####.       1%          2    None


Dungeon Overview and Level Annotations

Branches:
Dungeon (9/15)             Temple (1/1) D:5             Orc (0/2) D:9
   Lair: D:8-11

Shops:
D:4 *   D:5 !


Innate Abilities, Weirdness & Mutations

You have an increased reservoir of magic. (+10% MP)


Message History

Unknown command.
Casting: Sticky Flame
Confirm with . or Enter, or press ? or * to list all spells.
Aiming: Fireball
Press: ? - help, Shift-Dir - straight line, f - cyclops
Aim: a cyclops (resting)
The fireball explodes!
The fireball engulfs the cyclops.
The cyclops is heavily wounded.
The cyclops throws a large rock.
The large rock hits you!!!
Ouch! That really hurt!
Casting: Fireball
Confirm with . or Enter, or press ? or * to list all spells.
Aiming: Fireball
Press: ? - help, Shift-Dir - straight line, f/p - cyclops
Aim: a cyclops (heavily wounded)
The fireball explodes!
The fireball engulfs the cyclops.
The cyclops is heavily wounded.
The cyclops throws a large rock.
The large rock hits you!!!
Ouch! That really hurt!
You die...

.....# ..# .... ...# ... #..#
#..# .... #..# #.># ##
############### .. #..# #..# #(
#.....#.....#.. ..##..# #..####C
#.†...#.....#.. ..##>.# #.....#?
#..#..#..#..#..
..##..###..>..#'###..#..#..#..#..
..##......###.#.@....#.....#.....
......###.# #.#......#.....#.....
......# #.# #.###################
......# #.# #....................
..##.># #.# #......[.............
..##..# #.# #.###################
..##..# #.....# #.....#.....
>.##..###.....# #.....#.....
..##..........# #..#..#..#..


You could see a cyclops.

Vanquished Creatures
  3 two-headed ogres
  The ghost of patthesweetcat the Arsonist, a novice OpFE of Sif Muna (D:8)
  A gargoyle (D:9)
  3 hippogriffs
  A spriggan (D:7)
  2 water moccasins
  2 orc warriors (D:8)
  4 ice beasts
  3 sky beasts
  A phantom (D:5)
  The ghost of Dyme the Poker, an amateur DgSk (D:3)
  2 ogres
  6 centaurs
  2 bullfrogs
  A wyvern zombie (D:9)
  A scorpion (D:9)
  5 killer bees (D:8)
  10 wights
  7 howler monkeys
  2 crimson imps
  A quasit (D:8)
  3 jellies
  6 orc wizards
  A gnoll shaman (D:9)
  3 orc priests
  4 hounds
  Crazy Yiuf (D:4)
  An iron imp (D:6)
  Jessica (D:2)
  5 worker ants
  A hound zombie (D:9)
  6 gnolls
  8 adders
  A howler monkey skeleton (D:5)
  2 shadow imps
  3 adder skeletons
  A worm (D:3)
  A dart slug (D:4)
  10 leopard geckos
  21 orcs
  4 giant cockroaches
  6 goblins
  14 hobgoblins
  18 jackals
  11 quokkas
  7 bats
  3 frilled lizards
  A jackal zombie (D:5)
  8 kobolds
  9 rats
  A spectral orc (D:4)
220 creatures vanquished.

Vanquished Creatures (collateral kills)
  A jelly (D:9)
1 creature vanquished.

Grand Total: 221 creatures vanquished

Notes
Turn   | Place    | Note
-------+----------+-------------------------------------------
     0 | D:1      | RepoMan the Demigod Fire Elementalist began the quest for the Orb.
     0 | D:1      | Reached XP level 1. HP: 14/14 MP: 5/5
   305 | D:1      | Reached skill level 1 in Conjurations
   404 | D:1      | Reached skill level 3 in Fire Magic
   503 | D:1      | Reached XP level 2. HP: 20/20 MP: 5/7
   512 | D:1      | Learned a level 2 spell: Throw Flame
   966 | D:2      | Reached XP level 3. HP: 26/26 MP: 4/8
   998 | D:2      | Found a sacrificial altar of Ru.
  1217 | D:1      | Learned a level 3 spell: Conjure Flame
  1556 | D:2      | Reached XP level 4. HP: 33/33 MP: 2/10
  1681 | D:2      | Found a faded altar of an unknown god.
  1857 | D:2      | Noticed Jessica
  1863 | D:2      | Killed Jessica
  1863 | D:2      | Reached skill level 4 in Fire Magic
  1927 | D:2      | Found a stormy altar of Qazlal.
  1997 | D:2      | Found a shattered altar of Ashenzari.
  2035 | D:2      | Found a blossoming altar of Fedhas.
  2561 | D:2      | Reached XP level 5. HP: 38/38 MP: 9/11
  2566 | D:2      | Learned a level 3 spell: Inner Flame
  2890 | D:3      | Noticed Dyme's ghost (amateur DgSk)
  3214 | D:3      | Killed Dyme's ghost
  3835 | D:4      | Found a basalt altar of Yredelemnul.
  3859 | D:4      | Found Gozag's Platinum Reserve.
  3881 | D:4      | Found an opulent altar of Gozag.
  3913 | D:4      | Reached skill level 5 in Fire Magic
  3913 | D:4      | Reached XP level 6. HP: 44/45 MP: 1/13
  4411 | D:4      | Found a hide-covered altar of Uskayaw.
  4589 | D:5      | Entered Level 5 of the Dungeon
  4820 | D:4      | Found a runed door.
  4824 | D:4      | Noticed Crazy Yiuf
  4828 | D:4      | Killed Crazy Yiuf
  5211 | D:5      | Reached XP level 7. HP: 43/50 MP: 5/15
  5285 | D:5      | Learned a level 4 spell: Sticky Flame
  5426 | D:5      | Found Deynlir's Distillery.
  5451 | D:5      | Bought a potion of heal wounds for 70 gold pieces
  5451 | D:5      | Bought a potion of curing for 42 gold pieces
  5451 | D:5      | Bought a potion of agility for 56 gold pieces
  5539 | D:5      | Found a staircase to the Ecumenical Temple.
  5547 | Temple   | Entered the Ecumenical Temple
  5565 | D:5      | Reached skill level 6 in Fire Magic
  6052 | D:6      | Reached skill level 1 in Evocations
  6985 | D:7      | Reached XP level 8. HP: 57/57 MP: 11/17
  7439 | D:7      | Found an ornate altar of the Wu Jian Council.
  7439 | D:7      | Found a snail-covered altar of Cheibriados.
  7444 | D:7      | Found a radiant altar of Vehumet.
  7449 | D:7      | Reached skill level 7 in Fire Magic
  7762 | D:7      | Found a blossoming altar of Fedhas.
  7818 | D:7      | Found a deep blue altar of Sif Muna.
  7819 | D:7      | Found a white marble altar of Elyvilon.
  7954 | D:7      | Found a hazy altar of Hepliaklqana.
  8436 | D:8      | Noticed patthesweetcat's ghost (novice OpFE)
  8448 | D:8      | Killed patthesweetcat's ghost
  8448 | D:8      | Reached skill level 5 in Spellcasting
  8448 | D:8      | Reached skill level 5 in Conjurations
  8448 | D:8      | Reached XP level 9. HP: 54/62 MP: 7/20
  8493 | D:8      | Learned a level 5 spell: Fireball
  8519 | D:8      | Reached skill level 8 in Fire Magic
  8543 | D:8      | Noticed a two-headed ogre
  8557 | D:8      | Killed a two-headed ogre
  8623 | D:8      | Found a burning altar of Makhleb.
  8887 | D:8      | Reached skill level 5 in Dodging
  9444 | D:8      | Reached skill level 9 in Fire Magic
  9444 | D:8      | Reached XP level 10. HP: 68/69 MP: 15/22
 10021 | D:9      | Noticed a two-headed ogre
 10027 | D:9      | Killed a two-headed ogre
 10216 | D:9      | Noticed a two-headed ogre
 10222 | D:9      | Killed a two-headed ogre
 10222 | D:9      | Reached skill level 5 in Evocations
 10346 | D:9      | Found a bloodstained altar of Trog.
 10350 | D:9      | Found an opulent altar of Gozag.
 10542 | D:9      | Found a staircase to the Orcish Mines.
 10572 | D:9      | Noticed a two-headed ogre
 10694 | D:9      | Noticed a cyclops
 10696 | D:9      | Hit by a large rock thrown by a cyclops

Skill      XL: |  1  2  3  4  5  6  7  8  9 10 |
---------------+-------------------------------+-----
Conjurations   | 1 2 3 4 5 6 |  6.5
Fire Magic     | 3 4 5 6 7 9 |  9.9
Spellcasting   | 2 3 4 5 6 |  6.3
Dodging        | 2 3 4 5 6 |  6.1
Evocations     | 1 3 4 5 |  5.2
Stealth        | |  1.7

Action                   |  1- 3 |  4- 6 |  7- 9 | 10-12 || total
-------------------------+-------+-------+-------+-------++-------
Melee: Unarmed           |    20 |     5 |       |       ||    25
       Long sword        |       |    24 |    31 |    17 ||    72
       Staff             |       |       |    16 |    12 ||    28
 Cast: Flame Tongue      |    69 |   149 |   130 |    33 ||   381
       Conjure Flame     |     3 |    11 |    13 |     4 ||    31
       Inner Flame       |       |     8 |    13 |     5 ||    26
       Throw Flame       |       |     7 |    18 |       ||    25
       Sticky Flame      |       |       |    16 |    16 ||    32
       Fireball          |       |       |     2 |    11 ||    13
Evoke: Wand              |       |     1 |    14 |     1 ||    16
       Staff of energy   |       |       |       |     5 ||     5
       Phial of floods   |       |       |       |     1 ||     1
  Use: Scroll            |     3 |       |     1 |       ||     4
       Potion            |       |     1 |       |       ||     1
 Stab: Sleeping          |       |     1 |     1 |       ||     2
  Eat: Chunk             |     3 |    11 |    21 |     4 ||    39
       Ration            |       |     1 |       |       ||     1
Armor: Robe              |    13 |    15 |    24 |    15 ||    67
       Skin              |       |     1 |       |       ||     1
Dodge: Dodged            |    31 |    50 |    93 |    50 ||   224
       Rpst.: Long sword |       |     8 |     5 |     7 ||    20
